 Dungeon Crawl Stone Soup version 0.28.0-45-g0d030f2227 (webtiles) character file.

Game seed: 15101572938843066555

12421 Peloso the Protected (level 11, -2/97 HPs)
             Began as a Minotaur Fighter on Apr 2, 2022.
             Was a High Priest of Okawaru.
             Slain by a skeletal warrior
             ... wielding a +0 long sword
             ... led by a skeletal warrior
              (8 damage)
             ... on level 11 of the Dungeon.
             The game lasted 00:16:10 (8367 turns).

Peloso the Protected (Minotaur Fighter)             Turns: 8367, Time: 00:16:10

Health: -2/97      AC: 17    Str: 23    XL:     11   Next: 62%
Magic:  10/10      EV:  9    Int:  5    God:    Okawaru [*****.]
Gold:   324        SH: 11    Dex: 17    Spells: 10/10 levels left

rFire   . . .      SeeInvis .   a - +1 double sword of Articulation {drain, Will+ rCorr}
rCold   . . .      Faith    .   d - +0 kite shield
rNeg    . . .      Spirit   .   p - +2 chain mail of Damp Life {Regen+ Dex+5}
rPois   .          Reflect  .   (helmet restricted)
rElec   .          Harm     .   i - +0 cloak
rCorr   +          Rampage  .   (no gloves)
Will    +....                   h - +0 pair of boots
Stlth   ..........              (no amulet)
HPRegen 1.06/turn               f - ring of resist corrosion
MPRegen 0.12/turn               (no ring)

@: no status effects
A: horns 2, retaliatory headbutt
a: Renounce Religion, Heroism, Finesse, Duel


You were on level 11 of the Dungeon.
You worshipped Okawaru.
Okawaru was extremely pleased with you.
You visited 2 branches of the dungeon, and saw 12 of its levels.

You collected 439 gold pieces.
You spent 115 gold pieces at shops.

Inventory:

Hand Weapons
 a - the +1 double sword of Articulation (weapon) {drain, Will+ rCorr}
   (Okawaru gifted it to you on level 11 of the Dungeon)

   A truly terrible weapon, it drains the life of any living foe it strikes.
   rCorr:     It protects you from acid and corrosion.
   Will:      It increases your willpower.
 b - a +2 falchion of flaming
 j - the +12 quarterstaff "Qeuzi" {pain, rElec Dex-5 Stlth+}
   (You found it on level 2 of the Dungeon)

   In the hands of one skilled in necromantic magic, it inflicts extra damage on
   living creatures.
   Dex:       It affects your dexterity (-5).
   rElec:     It insulates you from electricity.
   Stlth:     It makes you more stealthy.
Missiles
 F - 4 throwing nets (quivered)
Armour
 c - a +0 buckler
 d - a +0 kite shield (worn)
 h - a +0 pair of boots (worn)
 i - a +0 cloak (worn)
 p - the +2 chain mail of Damp Life (worn) {Regen+ Dex+5}
   (You found it on level 3 of the Dungeon)

   Dex:       It affects your dexterity (+5).
   Regen:     It increases your rate of health regeneration.
Jewellery
 f - a ring of resist corrosion (left hand)
 q - a ring of wizardry
Wands
 m - a wand of paralysis (1)
 s - a wand of iceblast (26)
 t - a wand of flame (14)
Scrolls
 e - 6 scrolls of blinking
 g - 5 scrolls of fog
 k - a scroll of fear {unknown}
 u - a scroll of teleportation {unknown}
 v - a scroll of brand weapon
 w - 2 scrolls of magic mapping {unknown}
 y - a scroll of enchant armour {unknown}
 E - a scroll of noise {unknown}
Potions
 l - 3 potions of flight
 n - a potion of curing
 o - a potion of ambrosia
 r - a potion of haste
 x - a potion of resistance
 z - a potion of invisibility
 A - a potion of degeneration {unknown}
 B - a potion of magic {unknown}
 C - a potion of cancellation {unknown}
 D - 2 potions of brilliance {unknown}
 G - a potion of might
 H - a potion of berserk rage {unknown}


   Skills:
 + Level 9.1 Fighting
 + Level 9.8 Long Blades
 + Level 11.2 Staves
 + Level 12.4 Armour
 + Level 3.7 Dodging
 + Level 2.9 Stealth
 + Level 7.0 Shields
 + Level 0.2 Unarmed Combat
 + Level 0.3 Invocations
 + Level 0.8 Evocations


You had 10 spell levels left.
You didn't know any spells.
Your spell library contained the following spells:

 Spells                   Type           Power      Damage    Failure   Level
 Freeze                   Ice            0%         1d3       100%        1
 Magic Dart               Conj           0%         1d3       100%        1
 Pain                     Necr           0%         1d4       100%        1
 Shock                    Conj/Air       0%         1d3       100%        1
 Slow                     Hex            0%         N/A       100%        1
 Sting                    Tmut/Pois      0%         1d3       100%        1
 Blink                    Tloc           0%         N/A       100%        2
 Poisonous Vapours        Pois/Air       0%         N/A       100%        2
 Confusing Touch          Hex            0%         N/A       100%        3
 Frozen Ramparts          Ice            0%         1d2       100%        3
 Mephitic Cloud           Conj/Pois/Air  0%         N/A       100%        3
 Swiftness                Air            0%         N/A       100%        3
 Vampiric Draining        Necr           0%         2d6       100%        3
 Airstrike                Air            0%         N/A       100%        4
 Hailstorm                Conj/Ice       0%         3d3       100%        4
 Olgreb's Toxic Radiance  Pois           0%         N/A       100%        4
 Petrify                  Tmut/Erth      0%         N/A       100%        4
 Agony                    Necr           0%         N/A       100%        5
 Excruciating Wounds      Necr           0%         N/A       100%        5
 Manifold Assault         Tloc           0%         N/A       100%        5
 Metabolic Englaciation   Hex/Ice        0%         N/A       100%        5
 Statue Form              Tmut/Erth      0%         N/A       100%        6
 Storm Form               Tmut/Air       0%         N/A       100%        7
 Call Imp                 Summ           Unusable   N/A       N/A         2

Dungeon Overview and Level Annotations

Branches:
Dungeon (11/15)            Temple (1/1) D:7            Lair (0/6) D:10
    Orc: D:9-12

Altars:
Ashenzari
Cheibriados
Dithmenos
Elyvilon
Fedhas
Gozag
Hepliaklqana
Kikubaaqudgha
Makhleb
Nemelex Xobeh
Okawaru
Qazlal
Ru
Sif Muna
Trog
Uskayaw
Vehumet
Wu Jian
Xom
Yredelemnul
Zin
The Shining One

Shops:
D:4 ?

Annotations:
D:6 1 runed translucent door, Sobaton's ghost, novice MiBe


Innate Abilities, Weirdness & Mutations

You have a pair of horns on your head.
You reflexively headbutt those who attack you in melee.


Message History

The skeletal warrior is severely damaged.
The skeletal warrior misses you. You furiously retaliate!
You headbutt the skeletal warrior, but do no damage.
You slice the skeletal warrior!! You headbutt the skeletal warrior.
The skeletal warrior is almost destroyed.
The skeletal warrior hits you with a +0 flail!
You closely miss the skeletal warrior.
Your headbutt misses the skeletal warrior.
The skeletal warrior is almost destroyed.
You block the skeletal warrior's attack.
You slash the skeletal warrior!
You destroy the skeletal warrior!
Okawaru accepts your kill.
Your base Shields skill increases to level 7!
You slash the skeletal warrior!
You headbutt the skeletal warrior, but do no damage.
The skeletal warrior is heavily damaged.
You feel like a meek peon again.
The skeletal warrior hits you but does no damage.
You hit the skeletal warrior but do no damage.
You headbutt the skeletal warrior, but do no damage.
The skeletal warrior is heavily damaged.
The skeletal warrior hits you with a +0 long sword!
* * * LOW HITPOINT WARNING * * *
You barely miss the skeletal warrior.
The skeletal warrior is heavily damaged.
The skeletal warrior hits you with a +0 long sword.
* * * LOW HITPOINT WARNING * * *
You closely miss the skeletal warrior.
The skeletal warrior is heavily damaged.
You block the skeletal warrior's attack.
You slice the skeletal warrior!!
The skeletal warrior is almost destroyed.
The skeletal warrior hits you with a +0 long sword!!
* * * LOW HITPOINT WARNING * * *
You block the skeletal warrior's attack.
You closely miss the skeletal warrior.
The skeletal warrior is almost destroyed.
The skeletal warrior hits you with a +0 long sword!
You die...

######### #........
##...# #@#
.....##########z#######
#..............R.......
......................
#...................#
#........[...<......#
#...................#
####...................#
.....)..................


You could see a skeletal warrior and an efreet.

Vanquished Creatures
  Harold (D:11)
  A centaur warrior (D:11)
  2 two-headed ogres
  2 skeletal warriors
  An ugly thing (D:10)
  An unseen horror (D:11)
  Psyche (D:9)
  2 trolls
  A hornet (D:7)
  Grinder (D:3)
  Prince Ribbit (D:7)
  A centaur simulacrum (D:10)
  2 wraiths (D:10)
  2 wyverns (D:10)
  6 yaks (D:10)
  2 shadows
  2 basilisks (D:10)
  A swamp drake (D:10)
  Pargi (D:3)
  An orc warrior (D:10)
  2 ice beasts
  A black bear (D:7)
  9 centaurs
  3 necrophages
  4 phantoms
  4 bullfrogs
  2 gnoll sergeants (D:7)
  A wyvern zombie (D:7)
  3 scorpions
  13 wights
  25 killer bees
  A howler monkey (D:6)
  6 centaur zombies
  A bullfrog zombie (D:5)
  A jelly (D:6)
  2 hounds
  A human zombie (D:9)
  Natasha (D:3)
  2 killer bee zombies
  4 howler monkey zombies
  2 howler monkey skeletons
  9 gnolls (D:7)
  4 adders
  A white imp (D:8)
  2 ufetubi (D:4)
  3 worms
  2 dart slugs
  4 orcs (D:3)
  8 endoplasms
  4 giant cockroaches
  11 goblins
  3 hobgoblins
  4 jackals (D:1)
  5 kobolds
  3 quokkas
  3 ball pythons
  3 bats
  4 frilled lizards
  9 rats
202 creatures vanquished.

Vanquished Creatures (others)
  A killer bee (D:9)
  18 fungi (D:9)
19 creatures vanquished.

Grand Total: 221 creatures vanquished

Notes
Turn   | Place    | Note
-------+----------+-------------------------------------------
     0 | D:1      | Peloso the Minotaur Fighter began the quest for the Orb.
     0 | D:1      | Reached XP level 1. HP: 19/19 MP: 0/0
   320 | D:1      | Reached skill level 4 in Armour
   323 | D:1      | Reached XP level 2. HP: 27/27 MP: 1/1
   421 | D:1      | Found a faded altar of an unknown god.
  1074 | D:2      | Reached XP level 3. HP: 25/33 MP: 2/2
  1528 | D:2      | Found a radiant altar of Vehumet.
  1703 | D:2      | Identified the +12 quarterstaff "Qeuzi" {pain, rElec Dex-5
                  | Stlth+}
  1991 | D:3      | Reached XP level 4. HP: 33/40 MP: 3/3
  2059 | D:3      | Identified the +2 chain mail of Damp Life {Regen+ Dex+5}
  2098 | D:3      | Noticed Pargi
  2100 | D:3      | Killed Pargi
  2101 | D:3      | Reached skill level 5 in Armour
  2101 | D:3      | Reached XP level 5. HP: 45/47 MP: 4/4
  2148 | D:3      | Noticed Grinder
  2157 | D:3      | Paralysed by Grinder for 3 turns
  2160 | D:3      | Killed Grinder
  2161 | D:3      | Reached skill level 5 in Long Blades
  2161 | D:3      | Reached skill level 1 in Staves
  2161 | D:3      | Reached skill level 6 in Armour
  2161 | D:3      | Reached XP level 6. HP: 26/55 MP: 5/5
  2449 | D:3      | Noticed Natasha
  2455 | D:3      | Killed Natasha
  2506 | D:3      | Found a glowing golden altar of the Shining One.
  3109 | D:4      | Found Ocwoar's Magic Scroll Boutique.
  3117 | D:4      | Noticed an ice beast
  3127 | D:4      | Killed an ice beast
  3128 | D:4      | Reached skill level 5 in Fighting
  3128 | D:4      | Reached XP level 7. HP: 42/61 MP: 6/6
  3152 | D:4      | Bought a scroll of identify for 20 gold pieces
  3152 | D:4      | Bought a scroll of fog for 20 gold pieces
  3152 | D:4      | Bought a scroll of blinking for 75 gold pieces
  3292 | D:4      | Found a blossoming altar of Fedhas.
  3422 | D:5      | Entered Level 5 of the Dungeon
  3458 | D:5      | Found a shimmering blue altar of Sif Muna.
  3474 | D:5      | Reached skill level 7 in Armour
  3486 | D:5      | Reached skill level 1 in Dodging
  3553 | D:5      | You fall into a shaft and drop 1 floor!
  3558 | D:6      | Reached skill level 5 in Staves
  3558 | D:6      | Reached skill level 1 in Stealth
  3600 | D:6      | Found a stormy altar of Qazlal.
  3652 | D:6      | Noticed a two-headed ogre
  3661 | D:6      | Killed a two-headed ogre
  3662 | D:6      | Reached skill level 8 in Armour
  3662 | D:6      | Reached XP level 8. HP: 12/70 MP: 7/7
  3801 | D:6      | Found a shadowy altar of Dithmenos.
  4056 | D:6      | Found a runed translucent door.
  4064 | D:6      | Noticed Sobaton's ghost (novice MiBe)
  4532 | D:7      | Reached skill level 9 in Armour
  4538 | D:7      | Reached XP level 9. HP: 65/77 MP: 8/8
  4574 | D:7      | Found a staircase to the Ecumenical Temple.
  4595 | Temple   | Entered the Ecumenical Temple
  4689 | Temple   | Became a worshipper of Warmaster Okawaru
  4803 | D:7      | Paralysed by a hornet for 3 turns
  4807 | D:7      | Reached * piety under Okawaru
  4874 | D:7      | Found a sparkling altar of Nemelex Xobeh.
  4934 | D:7      | Reached skill level 10 in Armour
  5243 | D:7      | Noticed Prince Ribbit
  5251 | D:7      | Killed Prince Ribbit
  5251 | D:7      | Reached ** piety under Okawaru
  5295 | D:7      | Reached skill level 10 in Staves
  5853 | D:9      | Reached XP level 10. HP: 70/86 MP: 9/9
  6043 | D:9      | Found a burning altar of Makhleb.
  6064 | D:9      | Reached *** piety under Okawaru
  6280 | D:9      | Noticed Psyche
  6530 | D:9      | Killed Psyche
  6597 | D:9      | Reached skill level 5 in Shields
  6773 | D:9      | Found a basalt altar of Yredelemnul.
  6852 | D:10     | Entered Level 10 of the Dungeon
  6858 | D:10     | Reached **** piety under Okawaru
  7024 | D:10     | Noticed a green ugly thing
  7048 | D:10     | Reached skill level 11 in Armour
  7106 | D:10     | Killed a green ugly thing
  7200 | D:10     | Found a hide-covered altar of Uskayaw.
  7201 | D:10     | Found a bloodstained altar of Trog.
  7202 | D:10     | Found a glowing silver altar of Zin.
  7204 | D:10     | Found a shimmering altar of Xom.
  7320 | D:10     | Reached XP level 11. HP: 95/95 MP: 10/10
  7339 | D:10     | Found a snail-covered altar of Cheibriados.
  7714 | D:10     | Found a staircase to the Lair.
  7939 | D:11     | Noticed a two-headed ogre
  7942 | D:11     | Noticed Harold
  7950 | D:11     | Killed a two-headed ogre
  7950 | D:11     | Reached ***** piety under Okawaru
  8033 | D:11     | Killed Harold
  8034 | D:11     | Reached skill level 12 in Armour
  8125 | D:11     | Noticed a centaur warrior
  8134 | D:11     | Killed a centaur warrior
  8134 | D:11     | Identified the +1 double sword of Articulation {drain,
                  | Will+ rCorr} (Okawaru gifted it to you on level 11 of the
                  | Dungeon)
  8134 | D:11     | Received a gift from Okawaru
  8224 | D:11     | Noticed a skeletal warrior
  8326 | D:10     | Killed a skeletal warrior
  8332 | D:11     | Noticed a skeletal warrior
  8333 | D:11     | Noticed a skeletal warrior
  8361 | D:11     | Killed a skeletal warrior
  8367 | D:11     | Slain by a skeletal warrior

Illustrated notes

Levels and vault maps discovered:
D:1:      tarquinn_simple_flora_water_d, layout_loops_ring,
          hellmonk_ecumenical_altar_zigzags, chequers_hall_statues_corner_a
D:2:      layout_loops_cross, basic_altar
D:3:      layout_basic, tso_oasis_becter, uniq_pargi, uniq_natasha, uniq_grinder
D:4:      layout_rooms, fedhas_altar_2, serial_shops, shop,
          hangedman_glass_teeth
D:5:      layout_rooms, kennysheep_mini_moat, kennysheep_generic_room_10
D:6:      hellmonk_ruined_rings, layout_basic, grunt_qazlal_sundering,
          grunt_dithmenos_smoke, ebering_ghost_sewer_d
D:7:      layout_rooms, nemelex_diamond_rough_becter,
          minmay_temple_entry_statues_fountains, uniq_prince_ribbit1
D:8:      layout_rooms, chequers_serial_rivers_small_b
D:9:      layout_basic, lemuel_mausoleum_altar_yredelemnul,
          mainiacjoe_overflow_chevrons, uniq_psyche
D:10:     layout_roguey, mainiacjoe_overflow_paths, minitemple,
          erik_lair_dragon, minmay_checkerbox
D:11:     minmay_curly_fans, layout_long_grid, serial_shops,
          nicolae_shop_behind_doors, shop, shop, shop, serial_glass,
          glass_columns_a, glass_columns_a, glass_columns_a, glass_columns_b,
          glass_columns_b, glass_columns_a, glass_columns_b, glass_columns_a,
          uniq_harold
Temple:   dpeg_three_leaves_temple

Skill      XL: |  1  2  3  4  5  6  7  8  9 10 11 |
---------------+----------------------------------+-----
Armour         | 4 5 6 8 9 10 11 12 | 12.4
Fighting       | 4 5 6 7 8 9 |  9.1
Long Blades    | 3 4 5 8 9 |  9.8
Shields        | 4 5 7 |  7.0
Staves         | 1 3 7 8 10 11 | 11.2
Dodging        | 1 2 3 |  3.7
Stealth        | 1 2 |  2.9
Unarmed Combat | |  0.2
Invocations    | |  0.3
Evocations     | |  0.8

Action                   |  1- 3 |  4- 6 |  7- 9 | 10-12 || total
-------------------------+-------+-------+-------+-------++-------
Melee: Long sword        |    87 |       |       |       ||    87
       Headbutt          |     7 |     4 |    21 |    90 ||   122
       Quarterstaff      |     4 |    50 |   133 |       ||   187
       Falchion          |       |       |    14 |   327 ||   341
       Unarmed           |       |       |       |     5 ||     5
       Double sword      |       |       |       |    31 ||    31
Invok: Heroism           |       |       |       |     5 ||     5
Evoke: Wand              |       |       |       |     5 ||     5
  Use: Scroll            |       |       |     6 |     4 ||    10
       Potion            |       |       |       |     1 ||     1
 Stab: Paralysed         |       |       |       |     4 ||     4
Armor: Scale mail        |    30 |       |       |       ||    30
       Chain mail        |    30 |    51 |   104 |   253 ||   438
Dodge: Dodged            |    59 |    21 |    88 |   164 ||   332
Block: Buckler           |    16 |       |    10 |   111 ||   137
       Kite shield       |       |       |       |    17 ||    17
